[Event "Titled Tuesday Blitz August 15 Early 2023"]
[White "Eynullayev, Altay"]
[Black "Frayna, Janelle Mae"]
[WhiteFideId "13413562"]
[BlackFideId "5212499"]
[WhiteElo "2550"]
[BlackElo "2406"]
[Result "1-0"]
[Round "5"]
[TimeControl "180+1"]
[Date "2023.08.15"]
[WhiteClock "0:00:17"]
[BlackClock "0:00:24"]
[Board "108"]

1. e4 Nf6 2. e5 Nd5 3. d4 d6 4. Nf3 dxe5 5. Nxe5 c6 6. Be2 Bf5 7. O-O Nd7 8. Nf3 e6 9. c4 Nb4 10. Nc3 Nc2 11. Rb1 Nb4 12. Bg5 Be7 13. Bxe7 Qxe7 14. Rc1 O-O 15. a3 Na6 16. b4 e5 17. d5 Nf6 18. dxc6 bxc6 19. Qa4 Nb8 20. Rfe1 Re8 21. Bf1 Qc7 22. c5 Nbd7 23. Bc4 Bg6 24. Ng5 e4 25. Qb3 Ne5 26. Ngxe4 Nxe4 27. Nxe4 Ng4 28. Nd6 Rf8 29. Qg3 Nf6 30. Nxf7 Qxg3 31. Ne5+ Kh8 32. hxg3 Be8 33. Rcd1 a5 34. Be6 axb4 35. axb4 Rb8 36. Rd4 h6 37. Red1 Kh7 38. f4 Bh5 39. g4 Bg6 40. f5 Be8 41. Kh2 Ra8 42. Rd8 Ra4 43. R1d4 Ra2 44. Nxc6 Bxc6 45. Rxf8 Rxg2+ 46. Kh3 h5 47. Rxf6 hxg4+ 48. Rxg4 Rxg4 49. Kxg4 gxf6 50. Bc4 Kg7 51. b5 Be4 52. c6 Kf8 53. c7 Bb7 54. Bd5 Bc8 55. Be6 1-0


[Site "https://www.chess.com"]

[Event "Titled Tuesday Blitz August 15 Early 2023"]
[White "Thecourseoisildur"]
[Black "Vafin, Ayrat"]
[BlackFideId "4146530"]
[WhiteElo "2550"]
[BlackElo "2399"]
[Result "1/2-1/2"]
[Round "5"]
[TimeControl "180+1"]
[Date "2023.08.15"]
[WhiteClock "0:00:03"]
[BlackClock "0:00:04"]
[Board "109"]

1. e4 e5 2. Nf3 Nf6 3. Nxe5 d6 4. Nf3 Nxe4 5. c4 Nc6 6. Nc3 Nxc3 7. dxc3 Be7 8. Bd3 Be6 9. O-O O-O 10. h3 Bf6 11. Qc2 h6 12. Bf4 Qd7 13. Rfb1 Ne5 14. Bxe5 Bxe5 15. Nxe5 dxe5 16. Re1 f6 17. Rad1 Qc6 18. b3 Rad8 19. Be4 Qb6 20. Bd5 Bxd5 21. cxd5 Qc5 22. c4 b5 23. Re4 c6 24. Rg4 cxd5 25. Qg6 Rf7 26. Qxh6 bxc4 27. bxc4 Rd6 28. Rb1 Rb6 29. Rxb6 axb6 30. cxd5 Qxd5 31. Qc1 Qxa2 32. Qc8+ Rf8 33. Qb7 Qf7 34. Qxb6 Rc8 35. Ra4 Qd7 36. Ra7 Qc6 37. Qb3+ Qc4 38. Qg3 Rc7 39. Ra8+ Kf7 40. Ra1 Qc3 41. Qxc3 Rxc3 42. Kf1 g5 43. Ke2 Kg6 44. Ra8 Rb3 45. Rg8+ Kf5 46. Ra8 Ke4 47. Ra4+ Kf5 48. Ra6 e4 49. Ra8 Kf4 50. g3+ Kf5 51. Re8 Rb2+ 52. Ke3 Rb3+ 53. Ke2 Ra3 54. Re7 Rb3 55. Kf1 Ra3 56. Kg2 Rb3 57. Re8 Ra3 58. Rf8 Ra2 59. Re8 Ra3 60. Kg1 Ra2 61. Kf1 Rb2 62. Ke1 Ra2 63. Kf1 Rc2 64. Re7 Ra2 65. Rb7 Ra3 66. Rb5+ Ke6 67. Ke2 Rc3 68. Rb6+ Ke5 69. Rb8 Kd4 70. Re8 Rc2+ 71. Ke1 Rc6 72. Ke2 Rc2+ 73. Ke1 Rc6 74. Rd8+ Ke5 75. Ke2 Rc2+ 76. Ke3 Rc3+ 77. Ke2 Ra3 78. Re8+ Kd4 79. Re6 f5 80. Rg6 f4 81. Rxg5 Ra2+ 82. Ke1 f3 83. Rg8 Ra1+ 84. Kd2 Ra2+ 85. Ke1 Ra1+ 86. Kd2 Ra2+ 87. Ke1 1/2-1/2


[Site "https://www.chess.com"]

[Event "Titled Tuesday Blitz August 15 Early 2023"]
[White "Sreyas Payyappat"]
[Black "Gu, Xiaobing"]
[WhiteFideId "46674969"]
[BlackFideId "8602611"]
[WhiteElo "2549"]
[BlackElo "2399"]
[Result "1-0"]
[Round "5"]
[TimeControl "180+1"]
[Date "2023.08.15"]
[WhiteClock "0:00:11"]
[BlackClock "0:00:00"]
[Board "110"]

1. e4 c5 2. Nf3 d6 3. d4 cxd4 4. Nxd4 Nf6 5. Nc3 a6 6. h4 e5 7. Nb3 Be6 8. f4 exf4 9. Bxf4 Nc6 10. Qd2 Be7 11. O-O-O Qb6 12. g3 Ne5 13. Be2 Rc8 14. Kb1 Nfg4 15. Bxg4 Nxg4 16. Rhf1 O-O 17. Qe2 h5 18. Nd5 Qd8 19. Nxe7+ Qxe7 20. Bxd6 Qe8 21. Bxf8 Bc4 22. Qd2 Bxf1 23. Rxf1 Qxf8 24. Qg5 Qb4 25. Qxh5 Qc4 26. Rc1 Qxe4 27. Qg5 Ne3 28. Qf4 Qxf4 29. gxf4 Rc4 30. Re1 Ng2 31. Re8+ Kh7 32. Re7 Rxf4 33. a3 b5 34. Nc5 f5 35. h5 Rf1+ 36. Ka2 f4 37. Nd3 Kh6 38. Ne5 Kxh5 39. Rxg7 Ne3 40. Rg6 Nxc2 41. Rxa6 f3 42. Rf6 1-0


[Site "https://www.chess.com"]

[Event "Titled Tuesday Blitz August 15 Early 2023"]
[White "Kozelov, Roman"]
[Black "Mogirzan, Matei-Valeriu"]
[WhiteFideId "14133377"]
[BlackFideId "1257455"]
[WhiteElo "2390"]
[BlackElo "2542"]
[Result "1-0"]
[Round "5"]
[TimeControl "180+1"]
[Date "2023.08.15"]
[WhiteClock "0:00:56"]
[BlackClock "0:00:00"]
[Board "111"]

1. e4 e5 2. Nf3 Nf6 3. d4 Nxe4 4. Bd3 d5 5. dxe5 f5 6. exf6 Nxf6 7. O-O Be7 8. Nc3 O-O 9. Bg5 c6 10. Qd2 Nbd7 11. Rae1 Nc5 12. Ne5 Bd6 13. b4 Nxd3 14. Nxd3 Qc7 15. h3 Bf5 16. a3 d4 17. Bxf6 Rxf6 18. Ne4 Bxe4 19. Rxe4 Qd7 20. Rfe1 Raf8 21. Qg5 Rg6 22. Qh4 Qf7 23. Rxd4 Qf3 24. Rg4 Rxg4 25. Qxg4 Qxg4 26. hxg4 Kf7 27. f3 a5 28. Kf2 Ra8 29. Re4 axb4 30. axb4 Ra2 31. Rc4 Ke6 32. Ke3 Bc7 33. f4 Bb6+ 34. Ke4 g6 35. f5+ gxf5+ 36. gxf5+ Kf6 37. Ne5 Bc7 38. Nd7+ Ke7 39. Nc5 b5 40. Rc3 Rb2 41. Nd3 Rb1 42. Rxc6 Rg1 43. Rxc7+ Kd6 44. Rxh7 Rxg2 45. Rh6+ Ke7 46. c3 Rg4+ 47. Nf4 Rg3 48. Ke5 Kf7 49. Nd5 Rg1 50. Rh7+ Kg8 51. Rb7 Kf8 52. Kf6 Kg8 53. Rxb5 Kh7 54. Rb7+ Kh6 55. c4 Rg6+ 56. fxg6 1-0


[Site "https://www.chess.com"]

[Event "Titled Tuesday Blitz August 15 Early 2023"]
[White "Der_Balak_3Halak"]
[Black "Akhmetov, Ayan"]
[BlackFideId "13703706"]
[WhiteElo "2388"]
[BlackElo "2541"]
[Result "0-1"]
[Round "5"]
[TimeControl "180+1"]
[Date "2023.08.15"]
[WhiteClock "0:00:08"]
[BlackClock "0:00:04"]
[Board "112"]

1. e4 c5 2. Nf3 e6 3. c3 d5 4. exd5 Qxd5 5. d4 Nf6 6. Be3 cxd4 7. cxd4 Nc6 8. Nc3 Qa5 9. a3 Bd6 10. Bd3 Nd5 11. Bd2 Nxc3 12. Bxc3 Qh5 13. d5 Qxd5 14. Bxg7 Rg8 15. Bc3 Rxg2 16. Qe2 Bc5 17. Be4 Qb3 18. Nd2 Qb6 19. Bxg2 Bd7 20. O-O-O O-O-O 21. Ne4 Be7 22. Nd6+ Kc7 23. Nb5+ Kc8 24. Nd6+ Kc7 25. Nxf7 Rf8 26. Be5+ Kc8 27. Nd6+ Bxd6 28. Bxd6 Rxf2 29. Qxf2 Qxf2 30. Rd2 Qe3 31. Rd1 e5 32. Kb1 Bf5+ 33. Ka1 Be4 34. Bxe4 Qxe4 35. Bc5 b6 36. Bf2 Kb7 37. Rd7+ Ka6 38. Rc1 Na5 39. Rc3 Qf5 40. Rcc7 Nb3+ 41. Ka2 Nc1+ 42. Ka1 Qxf2 43. Rxa7+ Kb5 44. a4+ Kb4 45. Rac7 Nb3+ 46. Ka2 Nc5 47. Rc6 Qc2 48. Rxb6+ Kc4 49. Rc7 Qxa4+ 50. Kb1 Qd1+ 51. Ka2 Qd5 52. Rbc6 Kd3+ 53. Kb1 Ne4 54. Rc3+ Nxc3+ 55. Rxc3+ Kd2 56. Rd3+ Qxd3+ 57. Ka1 Qc2 58. b4 Kc1 59. b5 Qb2# 0-1


[Site "https://www.chess.com"]

[Event "Titled Tuesday Blitz August 15 Early 2023"]
[White "Al-Tarboush, Ward"]
[Black "Korpics, Zsolt"]
[WhiteFideId "7601450"]
[BlackFideId "705241"]
[WhiteElo "2540"]
[BlackElo "2381"]
[Result "1-0"]
[Round "5"]
[TimeControl "180+1"]
[Date "2023.08.15"]
[WhiteClock "0:01:55"]
[BlackClock "0:00:04"]
[Board "113"]

1. e4 c5 2. Nf3 e6 3. d4 cxd4 4. Nxd4 Nc6 5. Nc3 Qc7 6. Be3 a6 7. Qd2 Nf6 8. O-O-O Be7 9. f3 O-O 10. g4 b5 11. h4 Ne5 12. h5 d6 13. g5 Nfd7 14. f4 Nc4 15. Bxc4 bxc4 16. g6 Nf6 17. e5 Ng4 18. gxh7+ Kh8 19. Rdg1 Nxe3 20. Qxe3 dxe5 21. fxe5 f5 22. Rxg7 Kxg7 23. Qg3+ Kxh7 24. Qg6+ Kh8 25. Qh6+ Kg8 26. Rg1+ Kf7 27. Qg6# 1-0


[Site "https://www.chess.com"]

[Event "Titled Tuesday Blitz August 15 Early 2023"]
[White "Grebeniuk, Semen"]
[Black "Lach, Aleksandra"]
[WhiteFideId "14117509"]
[BlackFideId "1134299"]
[WhiteElo "2536"]
[BlackElo "2377"]
[Result "1/2-1/2"]
[Round "5"]
[TimeControl "180+1"]
[Date "2023.08.15"]
[WhiteClock "0:00:15"]
[BlackClock "0:00:05"]
[Board "114"]

1. d4 f5 2. g3 Nf6 3. Bg2 g6 4. Nh3 Nc6 5. O-O Bg7 6. Nc3 d6 7. d5 Ne5 8. Nf4 O-O 9. Be3 Qe8 10. Bd4 g5 11. Nd3 Neg4 12. h3 Nh6 13. Qd2 Qh5 14. f4 Ne4 15. Qe3 Bxd4 16. Qxd4 Nxg3 17. Rf3 Ne4 18. fxg5 Nxc3 19. bxc3 Qxg5 20. Nf4 Nf7 21. Kh2 Qf6 22. Nh5 Qe5+ 23. Qf4 Kh8 24. Re3 Qxf4+ 25. Nxf4 Ne5 26. Rg3 Bd7 27. Rg5 Rg8 28. Rh5 Raf8 29. Rf1 Be8 30. Rh6 Rf6 31. Rh4 Bf7 32. a4 Nc4 33. Rf3 Ne5 34. Re3 c6 35. dxc6 bxc6 36. Nd3 Nc4 37. Rxe7 Bg6 38. Nf4 Ne5 39. Nxg6+ Rgxg6 40. Rhxh7+ Kg8 41. Rxa7 Nf7 42. Rh4 d5 43. a5 c5 44. Ra4 Ra6 45. Bxd5 Rxa7 46. Bc4 Kf8 47. a6 Ne5 48. Bb5 Rb6 49. c4 Nf7 50. Kg3 Nd6 51. Ra5 Nxb5 52. cxb5 Ke7 53. Kf4 Kf6 54. Ke3 c4 55. Kd4 f4 56. Kc5 Re6 57. Kxc4 Rc7+ 58. Kb4 Re3 59. c4 Re4 60. b6 Rexc4+ 61. Kb3 Rc3+ 62. Kb2 Rc2+ 63. Kb3 R7c3+ 64. Kb4 Rc4+ 65. Kb3 R4c3+ 66. Kb4 Rc4+ 67. Kb3 R2c3+ 68. Kb2 Rc2+ 69. Kb3 1/2-1/2


[Site "https://www.chess.com"]

[Event "Titled Tuesday Blitz August 15 Early 2023"]
[White "Gontcharov, Vladislav"]
[Black "Efremov, Vladislav"]
[WhiteFideId "4123492"]
[BlackFideId "44159935"]
[WhiteElo "2535"]
[BlackElo "2373"]
[Result "1-0"]
[Round "5"]
[TimeControl "180+1"]
[Date "2023.08.15"]
[WhiteClock "0:00:38"]
[BlackClock "0:00:19"]
[Board "115"]

1. d4 Nf6 2. c4 g6 3. Nc3 Bg7 4. Nf3 O-O 5. Bg5 d6 6. e3 c5 7. Be2 Nc6 8. O-O Bf5 9. d5 Na5 10. Nd2 h6 11. Bh4 b6 12. e4 Bd7 13. f4 Qc7 14. Rc1 e6 15. Bg3 exd5 16. e5 Nh7 17. Nxd5 Qb8 18. exd6 Qxd6 19. f5 Bd4+ 20. Kh1 Be5 21. Ne4 Qb8 22. Ne7+ Kh8 23. Qxd7 Bxg3 24. Nxg3 Nf6 25. Qd2 Kg7 26. fxg6 fxg6 27. Bf3 Rd8 28. Qc2 Kf7 29. Qxg6+ Kxe7 30. Rfe1+ Kd7 31. Qxf6 Re8 32. Rcd1+ Kc7 33. Qf7+ 1-0


[Site "https://www.chess.com"]

[Event "Titled Tuesday Blitz August 15 Early 2023"]
[White "Ovezdurdyyeva, Jemal"]
[Black "Hajiyev, Kanan"]
[WhiteFideId "14001888"]
[BlackFideId "13404148"]
[WhiteElo "2372"]
[BlackElo "2534"]
[Result "0-1"]
[Round "5"]
[TimeControl "180+1"]
[Date "2023.08.15"]
[WhiteClock "0:00:00"]
[BlackClock "0:00:30"]
[Board "116"]

1. e4 c6 2. d4 d5 3. Nc3 a6 4. Nf3 Bg4 5. Be2 e6 6. O-O Nf6 7. Ne5 Bxe2 8. Qxe2 Be7 9. Nf3 O-O 10. e5 Nfd7 11. Be3 c5 12. dxc5 Nxc5 13. Rfd1 Nc6 14. Qd2 Qc7 15. Bf4 Rfd8 16. Ne2 Ne4 17. Qe1 Nb4 18. Rdc1 Rac8 19. Ned4 b5 20. Qe2 Qc4 21. Qxc4 dxc4 22. a3 Nd5 23. Bg3 c3 24. b3 h6 25. Rd1 Rd7 26. Ne2 g5 27. Rd3 Rdc7 28. h3 Nc5 29. Rd4 a5 30. b4 axb4 31. axb4 Na4 32. Rxd5 exd5 33. e6 Rc4 34. exf7+ Kxf7 35. Ne5+ Ke6 36. Nxc4 Rxc4 37. Rd1 Bf6 38. Rb1 Nb2 39. f3 Rxb4 40. Be1 d4 41. Bf2 Ra4 42. Ng3 Be7 43. Ne4 Kd5 44. Re1 Ra7 45. h4 gxh4 46. Kh2 Rc7 47. Kh3 b4 48. Bxh4 Bxh4 49. Kxh4 b3 50. cxb3 c2 0-1


[Site "https://www.chess.com"]

[Event "Titled Tuesday Blitz August 15 Early 2023"]
[White "FlemingA"]
[Black "Benedetti, Julio"]
[BlackFideId "172545"]
[WhiteElo "2370"]
[BlackElo "2529"]
[Result "0-1"]
[Round "5"]
[TimeControl "180+1"]
[Date "2023.08.15"]
[WhiteClock "0:01:44"]
[BlackClock "0:01:30"]
[Board "117"]

1. Nc3 e5 2. Nf3 Nc6 3. d4 exd4 4. Nxd4 Nf6 5. Bg5 Be7 6. e4 Nxe4 7. Nxc6 bxc6 8. Bxe7 Qxe7 9. Nxe4 Qxe4+ 10. Be2 Qxg2 11. Bf3 Qg6 12. Qd2 Qe6+ 13. Kd1 O-O 14. Kc1 Rb8 15. Re1 Qf6 0-1


[Site "https://www.chess.com"]

[Event "Titled Tuesday Blitz August 15 Early 2023"]
[White "Ansh M Shah"]
[Black "Davidson, Kevin"]
[WhiteFideId "25033379"]
[BlackFideId "2056810"]
[WhiteElo "2522"]
[BlackElo "2350"]
[Result "1-0"]
[Round "5"]
[TimeControl "180+1"]
[Date "2023.08.15"]
[WhiteClock "0:00:32"]
[BlackClock "0:00:00"]
[Board "119"]

1. d4 Nf6 2. c4 g6 3. Nc3 Bg7 4. e4 d6 5. Be2 O-O 6. h4 c5 7. d5 e6 8. h5 exd5 9. exd5 Re8 10. Kf1 Ne4 11. Nxe4 Rxe4 12. hxg6 hxg6 13. Nf3 Bg4 14. Bd3 Re8 15. Bf4 Qf6 16. Bh6 Bxh6 17. Rxh6 Kg7 18. Rh1 Nd7 19. Qd2 Rh8 20. Rxh8 Rxh8 21. Ng1 Ne5 22. Be2 Rh1 23. Qc3 Rxg1+ 24. Kxg1 Bxe2 25. Re1 Bxc4 26. Rxe5 Qxe5 27. Qxc4 Qe1+ 28. Kh2 Qxf2 29. Qb5 Qh4+ 30. Kg1 Qe1+ 31. Kh2 Qe5+ 32. Kg1 Qxd5 33. Qd7 a5 34. a4 Qe5 35. Qxb7 Qd4+ 36. Kh1 Qxa4 37. Qc7 Qh4+ 38. Kg1 Qe1+ 39. Kh2 Qe5+ 40. Kh1 a4 41. Qd7 Qe1+ 42. Kh2 Qh4+ 43. Kg1 Qd4+ 44. Kh1 c4 45. Qxa4 Qxb2 46. Qxc4 1-0


[Site "https://www.chess.com"]

[Event "Titled Tuesday Blitz August 15 Early 2023"]
[White "Pershina, Elena"]
[Black "Camilla_Lee"]
[WhiteFideId "24147516"]
[WhiteElo "2349"]
[BlackElo "2521"]
[Result "0-1"]
[Round "5"]
[TimeControl "180+1"]
[Date "2023.08.15"]
[WhiteClock "0:00:07"]
[BlackClock "0:00:17"]
[Board "120"]

1. c4 c6 2. g3 d5 3. Bg2 Nf6 4. Nf3 Bg4 5. b3 Nbd7 6. Bb2 Bxf3 7. Bxf3 e5 8. cxd5 cxd5 9. d4 e4 10. Bg2 Bd6 11. O-O O-O 12. f3 Qe7 13. Nc3 a6 14. fxe4 dxe4 15. e3 b5 16. Rc1 Rac8 17. Kh1 Rfe8 18. Bh3 Rc7 19. Ne2 Nb6 20. Rxc7 Qxc7 21. Nf4 Nbd5 22. Nxd5 Nxd5 23. Bc1 g6 24. Qg4 f5 25. Qg5 Be7 26. Qh6 Qc2 27. Bxf5 gxf5 28. Qe6+ Kg7 29. Qxd5 Qe2 30. Rxf5 Qd1+ 31. Kg2 Qc2+ 32. Kh3 Bf6 33. Qd6 Rf8 34. Qd7+ Rf7 35. Qe8 Qxc1 36. Qxe4 Qc8 37. Qg4+ Kf8 38. e4 Qd7 39. e5 Bg7 40. Rxf7+ Qxf7 41. Qc8+ Ke7 42. Qc7+ Ke8 43. Qc6+ Qd7+ 44. Qxd7+ Kxd7 45. Kg4 Ke6 46. Kf3 Kd5 47. Ke3 Bf8 48. Kd3 Ba3 49. g4 Bb2 50. h4 Bxd4 51. e6 Bf6 52. g5 Be7 53. Ke3 Ke5 54. Kf3 Kxe6 55. Ke4 Bd6 56. a4 Be7 57. axb5 axb5 58. Kd4 Kf5 59. Kd5 Kg4 60. Ke6 Bd8 61. Kf7 Kxh4 62. Kg7 Kxg5 63. Kxh7 Kf6 0-1


[Site "https://www.chess.com"]

[Event "Titled Tuesday Blitz August 15 Early 2023"]
[White "Osinovsky, Stepan"]
[Black "Ordekalog"]
[WhiteFideId "4157354"]
[WhiteElo "2347"]
[BlackElo "2516"]
[Result "0-1"]
[Round "5"]
[TimeControl "180+1"]
[Date "2023.08.15"]
[WhiteClock "0:00:14"]
[BlackClock "0:01:48"]
[Board "121"]

1. e4 c5 2. Nf3 Nc6 3. Bb5 g6 4. O-O Bg7 5. Bxc6 dxc6 6. h3 e5 7. a3 a5 8. d3 Qe7 9. Bd2 Nf6 10. Bc3 Nd7 11. Nbd2 b5 12. b3 f6 13. a4 Qd8 14. axb5 cxb5 15. b4 cxb4 16. Bxb4 Bf8 17. Bxf8 Nxf8 18. d4 exd4 19. e5 Ne6 20. exf6 O-O 21. Ne4 Bb7 22. Nfd2 a4 23. Re1 Qd5 24. Qg4 Rae8 25. Nf3 Bc6 26. Rad1 a3 27. Qh4 a2 28. Nfg5 Nxg5 29. Nxg5 Qxg2# 0-1


[Site "https://www.chess.com"]

[Event "Titled Tuesday Blitz August 15 Early 2023"]
[White "Lopez Gracia, Fernando"]
[Black "Kuzmin, Roman"]
[WhiteFideId "2207184"]
[BlackFideId "44134932"]
[WhiteElo "2346"]
[BlackElo "2515"]
[Result "1-0"]
[Round "5"]
[TimeControl "180+1"]
[Date "2023.08.15"]
[WhiteClock "0:00:06"]
[BlackClock "0:00:12"]
[Board "122"]

1. e4 c5 2. Nf3 d6 3. d4 cxd4 4. Nxd4 Nf6 5. Nc3 a6 6. Bd3 e5 7. Nde2 b5 8. b4 Nc6 9. a3 Be7 10. Bb2 O-O 11. O-O Bb7 12. Ng3 Re8 13. Nd5 Bf8 14. c4 Nxd5 15. exd5 Ne7 16. f4 bxc4 17. Bxc4 f6 18. fxe5 fxe5 19. Kh1 g6 20. Bxe5 dxe5 21. d6+ Kh8 22. d7 Qc7 23. dxe8=Q Rxe8 24. Rc1 Qc6 25. Qe2 Qd6 26. Rcd1 Qc7 27. Rc1 Nc6 28. Ne4 Bg7 29. Ng5 h6 30. Ne4 Nd4 31. Qg4 Qb6 32. Bf7 Rf8 33. Bxg6 Rd8 34. Ng3 Ne6 35. Be4 Nf4 36. Bxb7 Qxb7 37. Qf3 Qa7 38. Nf5 Rd3 39. Qe4 Rd8 40. Nxg7 Qxg7 41. Rce1 Re8 42. g3 Ng6 43. Qc6 Re7 44. Qxa6 e4 45. Qc6 e3 46. Qf3 Qd4 47. Re2 Kg7 48. Rfe1 Ne5 49. Qxe3 Qd5+ 50. Qe4 Qd6 51. Qg2 Qd4 52. Qf2 Qd5+ 53. Qg2 Qd4 54. Re4 Qd5 55. Rg4+ Kh8 56. Qxd5 Nxg4 57. Rxe7 Nf2+ 58. Kg2 Ne4 59. Qe5+ 1-0


[Site "https://www.chess.com"]

[Event "Titled Tuesday Blitz August 15 Early 2023"]
[White "UgarteCesar"]
[Black "Bach Ngoc Thuy Duong"]
[BlackFideId "12408956"]
[WhiteElo "2342"]
[BlackElo "2512"]
[Result "0-1"]
[Round "5"]
[TimeControl "180+1"]
[Date "2023.08.15"]
[WhiteClock "0:00:11"]
[BlackClock "0:00:05"]
[Board "123"]

1. d4 d5 2. Nf3 Nf6 3. e3 c5 4. Bd3 Nc6 5. a3 Bg4 6. O-O cxd4 7. exd4 Nxd4 8. Nbd2 e6 9. Re1 Be7 10. h3 Nxf3+ 11. Nxf3 Bxf3 12. Qxf3 O-O 13. b4 Rc8 14. Bb2 h6 15. Rad1 a5 16. c4 axb4 17. axb4 Bxb4 18. Re2 Be7 19. cxd5 Nxd5 20. Be4 Qb6 21. Bxd5 exd5 22. Bxg7 Kxg7 23. Rxe7 Qf6 24. Qxf6+ Kxf6 25. Rxb7 Rfd8 26. Rd3 Rc1+ 27. Kh2 Ke6 28. Re3+ Kd6 29. Rxf7 d4 30. Rd3 Kd5 31. Rff3 Kc4 32. g4 Rc3 33. Rxc3+ dxc3 34. Rf4+ Kb3 35. Rf3 Kb2 36. Rf6 c2 37. Rb6+ Kc3 38. Rc6+ Kd2 39. f4 c1=Q 40. Rxc1 Kxc1 41. g5 hxg5 42. fxg5 Kd2 43. Kg3 Ke3 44. Kg4 Ke4 45. h4 Ke5 46. h5 Ke6 47. h6 Kf7 48. Kh5 Rd5 49. h7 Kg7 0-1


[Site "https://www.chess.com"]

[Event "Titled Tuesday Blitz August 15 Early 2023"]
[White "Tikhonov, Viacheslav"]
[Black "Martinez, Shawn"]
[WhiteFideId "44196407"]
[BlackFideId "2039770"]
[WhiteElo "2512"]
[BlackElo "2341"]
[Result "1-0"]
[Round "5"]
[TimeControl "180+1"]
[Date "2023.08.15"]
[WhiteClock "0:00:11"]
[BlackClock "0:00:00"]
[Board "124"]

1. d4 g6 2. e4 Bg7 3. Nf3 a6 4. c4 b6 5. Nc3 Bb7 6. Bd3 h6 7. Be3 e6 8. Qe2 d6 9. h4 Ne7 10. O-O-O d5 11. cxd5 exd5 12. e5 Qd7 13. Qd2 Nbc6 14. Ne2 Nd8 15. Kb1 Ne6 16. Rc1 O-O-O 17. Qc3 Kb8 18. Qa3 Ka7 19. Rc3 Rc8 20. Rhc1 Nf5 21. g4 Nxe3 22. fxe3 Bf8 23. Qb3 c5 24. Qd1 c4 25. Bc2 b5 26. e4 Be7 27. h5 Rb8 28. Re3 g5 29. Ng3 Rhc8 30. Nf5 Bf8 31. exd5 Bxd5 32. Be4 b4 33. Bxd5 Qxd5 34. Qa4 Rb5 35. Qc2 Rcb8 36. Qe4 b3 37. a3 Qd7 38. Rxc4 R8b7 39. Qc6 Qd8 40. Nd6 Bxd6 41. exd6 Nf4 42. Ne5 Qg8 43. d7 Qh7+ 44. Qe4 Qxe4+ 45. Rxe4 Rd5 46. Rc8 Ne6 47. Nxf7 Nxd4 48. Rxd4 Rxd4 49. d8=Q Rxd8 50. Nxd8 Re7 51. Nc6+ Kb7 52. Nxe7 1-0


[Site "https://www.chess.com"]

[Event "Titled Tuesday Blitz August 15 Early 2023"]
[White "Lehtosaari, Mauri"]
[Black "Ziatdinov, Raset"]
[WhiteFideId "501999"]
[BlackFideId "2015323"]
[WhiteElo "2511"]
[BlackElo "2341"]
[Result "1-0"]
[Round "5"]
[TimeControl "180+1"]
[Date "2023.08.15"]
[WhiteClock "0:00:07"]
[BlackClock "0:00:00"]
[Board "125"]

1. d4 Nf6 2. Nf3 g6 3. Bg5 Bg7 4. Nbd2 h6 5. Bh4 O-O 6. e3 d6 7. Bc4 Nc6 8. O-O e5 9. c3 g5 10. Bg3 Nh5 11. Ne1 Nxg3 12. hxg3 Kh7 13. Qc2+ f5 14. dxe5 dxe5 15. g4 Kh8 16. gxf5 Bxf5 17. e4 Bg6 18. g3 Qe7 19. Ng2 Rad8 20. Ne3 Na5 21. Be2 b6 22. Bg4 c6 23. Nf5 Bxf5 24. Bxf5 Nb7 25. Nc4 Nc5 26. Ne3 Nb7 27. Rad1 Nd6 28. b3 a5 29. Rd2 Qf6 30. Rfd1 h5 31. Kg2 h4 32. Rh1 Kg8 33. Ng4 Qe7 34. Ne3 Qf6 35. g4 Rf7 36. Rhd1 Bf8 37. a3 Be7 38. b4 Rff8 39. f3 Nxf5 40. Nxf5 Rxd2+ 41. Qxd2 Rd8 42. Nxe7+ 1-0


[Site "https://www.chess.com"]

[Event "Titled Tuesday Blitz August 15 Early 2023"]
[White "Akylbek2021"]
[Black "FunnyDuck66"]
[WhiteElo "2337"]
[BlackElo "2509"]
[Result "1-0"]
[Round "5"]
[TimeControl "180+1"]
[Date "2023.08.15"]
[WhiteClock "0:01:16"]
[BlackClock "0:00:00"]
[Board "126"]

1. d4 Nf6 2. Nc3 d5 3. Bf4 c6 4. e3 Bf5 5. f3 e6 6. g4 Bg6 7. h4 h5 8. g5 Nfd7 9. Bd3 Bxd3 10. Qxd3 g6 11. e4 Bg7 12. O-O-O Nb6 13. Nge2 Nc4 14. exd5 cxd5 15. Nb5 O-O 16. b3 Nb6 17. Nc7 Nc6 18. Nxa8 Qxa8 19. c3 a5 20. a4 Qc8 21. Kb1 Qd7 22. Qb5 Nc8 23. Nc1 N8a7 24. Qb6 Rc8 25. Nd3 Qe7 26. Nc5 e5 27. Rhe1 Qd6 28. dxe5 Qe7 29. Nd3 Rd8 30. Qc5 Qe6 31. Bc1 Rc8 32. Nf4 Qf5+ 33. Kb2 Bxe5 34. Nxd5 Nb4 35. Ne7+ Kh8 36. Qxc8+ Qxc8 37. Nxc8 Bxc3+ 38. Kxc3 Nxc8 39. Rd8+ Kg7 40. Rxc8 Nd5+ 41. Kd4 Nb6 42. Rc7 1-0


[Site "https://www.chess.com"]

[Event "Titled Tuesday Blitz August 15 Early 2023"]
[White "Mammadzada, Gunay"]
[Black "Skaric, Djuro"]
[WhiteFideId "13403729"]
[BlackFideId "934569"]
[WhiteElo "2509"]
[BlackElo "2335"]
[Result "1-0"]
[Round "5"]
[TimeControl "180+1"]
[Date "2023.08.15"]
[WhiteClock "0:01:31"]
[BlackClock "0:01:26"]
[Board "127"]

1. e4 d6 2. d4 g6 3. Nc3 Bg7 4. Nf3 Nf6 5. Be2 O-O 6. O-O Nc6 7. d5 Ne5 8. Nd4 c5 9. dxc6 Nxc6 10. Be3 h6 11. Qd2 Kh7 12. f4 a6 13. h3 Bd7 14. Rad1 Rc8 15. Nb3 b5 16. a3 b4 17. axb4 Nxb4 18. e5 Nh5 19. Bxh5 gxh5 20. exd6 exd6 21. Bd4 Rg8 22. Bxg7 Rxg7 23. Qxd6 Bxh3 24. Qxd8 Rxg2+ 25. Kh1 Rxd8 26. Rxd8 Nxc2 27. Rf3 1-0


[Site "https://www.chess.com"]

[Event "Titled Tuesday Blitz August 15 Early 2023"]
[White "Kiselev, Pavel"]
[Black "Berezin, Viktor"]
[WhiteFideId "4191102"]
[BlackFideId "14107872"]
[WhiteElo "2327"]
[BlackElo "2505"]
[Result "0-1"]
[Round "5"]
[TimeControl "180+1"]
[Date "2023.08.15"]
[WhiteClock "0:00:20"]
[BlackClock "0:00:10"]
[Board "128"]

1. Nf3 Nf6 2. c4 e6 3. d4 b6 4. Nc3 Bb7 5. e3 g6 6. Bd3 Bg7 7. O-O O-O 8. e4 d6 9. d5 e5 10. Ne1 Nbd7 11. f4 exf4 12. Bxf4 Nh5 13. Be3 a5 14. Nf3 Nc5 15. Bc2 Bc8 16. Bd4 Bd7 17. Bxg7 Nxg7 18. a3 a4 19. e5 Bf5 20. exd6 cxd6 21. Nd4 Bxc2 22. Qxc2 Qh4 23. Qf2 Qh6 24. Qf3 Rae8 25. Rae1 Rxe1 26. Rxe1 Qd2 27. Qe3 Qxb2 28. Ncb5 Re8 29. Qc1 Nd3 30. Rxe8+ Nxe8 31. Qf1 Qd2 32. Kh1 Qe3 33. h3 Nf2+ 34. Kh2 Nf6 35. Nc2 Qd2 36. Nbd4 N6e4 37. Qe1 Qf4+ 38. Kg1 Qg5 39. Qe3 Qf6 40. Qf3 Qe5 41. Nc6 Qb2 42. Qe2 Qb1+ 43. Ne1 Nd3 44. Qxd3 Qxe1+ 45. Qf1 Qe3+ 46. Kh2 Nf2 47. g3 h5 48. Qg2 h4 49. gxh4 Ne4 50. Nb4 Qf4+ 51. Kg1 Qxh4 52. Qg4 Qe1+ 53. Kg2 Qf2+ 54. Kh1 Ng3+ 55. Qxg3 Qxg3 56. Nc6 Qxh3+ 57. Kg1 Qxa3 58. Ne7+ Kg7 59. Nc6 Qc5+ 60. Kf1 Qxc4+ 61. Ke1 Qxd5 62. Nb4 Qa5 63. Ke2 Qxb4 64. Kd3 a3 65. Kc2 a2 66. Kd3 a1=Q 67. Ke2 Qa2+ 68. Kd3 Qaa3+ 69. Kc2 Qbb2+ 70. Kd1 Qaa1# 0-1


[Site "https://www.chess.com"]

[Event "Titled Tuesday Blitz August 15 Early 2023"]
[White "Afanasieva, Alexandra"]
[Black "arenal72"]
[WhiteFideId "34126926"]
[WhiteElo "2322"]
[BlackElo "2499"]
[Result "1-0"]
[Round "5"]
[TimeControl "180+1"]
[Date "2023.08.15"]
[WhiteClock "0:00:20"]
[BlackClock "0:01:32"]
[Board "129"]

1. e4 d5 2. exd5 Qxd5 3. Nc3 Qd6 4. d4 Nf6 5. Nf3 g6 6. h3 Bg7 7. Bg5 O-O 8. Qd2 a6 9. Bd3 b5 10. O-O Bb7 11. Qe3 b4 12. Ne4 Nxe4 13. Bxe4 c6 14. c4 e6 15. Bf4 Qe7 16. c5 Rd8 17. Rfd1 Nd7 18. Bd6 Qe8 19. Rac1 Nf6 20. Ne5 a5 21. Bf3 Nd5 22. Bxd5 exd5 23. Re1 f6 24. Ng4 Qxe3 25. Rxe3 h5 26. Nh2 Re8 27. Rce1 Kf7 28. Re7+ Rxe7 29. Rxe7+ Kg8 30. Rxb7 a4 31. Rxb4 f5 32. Be5 Bh6 33. f4 a3 34. b3 Bf8 35. Nf3 1-0


[Site "https://www.chess.com"]